 Dungeon Crawl Stone Soup version 0.28-a0-1624-g820543e53a (webtiles) character file.

Game seed: 1247594400639890101

65 horus123 the Ducker (level 4, -7/35 HPs)
             Began as a Human Gladiator on Jan 23, 2022.
             Mangled by an orc (21 damage)
             ... on level 3 of the Dungeon.
             The game lasted 00:04:02 (2876 turns).

horus123 the Ducker (Human Gladiator)               Turns: 2876, Time: 00:04:03

Health: -7/35      AC:  7    Str: 14    XL:     4   Next: 34%
Magic:  4/4        EV: 13    Int:  8    God:
Gold:   45         SH:  0    Dex: 17    Spells: 3/3 levels left

rFire   . . .      SeeInvis .   a - +0 long sword
rCold   . . .      Faith    .   (no shield)
rNeg    . . .      Spirit   .   b - +0 leather armour
rPois   .          Reflect  .   c - +0 helmet
rElec   .          Harm     .   k - +0 cloak
rCorr   .          Rampage  .   n - +0 pair of gloves
Will    .....                   i - +0 pair of boots
Stlth   +.........              (no amulet)
HPRegen 0.11/turn               (no ring)
MPRegen 0.09/turn               (no ring)

@: no status effects
A: no striking features
a: no special abilities


You were on level 3 of the Dungeon.
You visited 1 branch of the dungeon, and saw 3 of its levels.

You collected 126 gold pieces.
You spent 81 gold pieces at shops.

Inventory:

Hand Weapons
 a - a +0 long sword (weapon)
Missiles
 d - 3 throwing nets (quivered)
Armour
 b - a +0 leather armour (worn)
 c - a +0 helmet (worn)
 h - a +0 plate armour
 i - a +0 pair of boots (worn)
 k - a +0 cloak (worn)
 n - a +0 pair of gloves (worn)
Potions
 e - a potion of might {unknown}
 f - a potion of lignification {unknown}
 g - a potion of degeneration {unknown}
 m - 2 potions of heal wounds


   Skills:
 - Level 3.0 Fighting
 - Level 3.0 Long Blades
 - Level 2.0 Throwing
 - Level 1.1 Armour
 + Level 3.9 Dodging


You had 3 spell levels left.
You didn't know any spells.
Your spell library contained the following spells:

 Spells                   Type           Power      Damage    Failure   Level
 Beastly Appendage        Tmut           0%         N/A       47%         1
 Wereblood                Tmut           0%         N/A       63%         2
 Ignite Poison            Fire/Tmut/Pois 0%         N/A       85%         3
 Mephitic Cloud           Conj/Pois/Air  0%         N/A       85%         3
 Spider Form              Tmut/Pois      0%         N/A       85%         3
 Freezing Cloud           Conj/Ice/Air   0%         6-21      100%        5


Dungeon Overview and Level Annotations

Branches:
Dungeon (3/15)

Altars:

Shops:
D:3 *:[


Message History

You barely miss the ball python. The ball python barely misses you.
The ball python constricts you.
You slash the ball python!
You kill the ball python!
No target in view!
You see here a ball python corpse.
There is a fountain of clear blue water here.
There is a fountain of clear blue water here.
An orc priest and an orc come into view.
The orc priest shouts!
You hear a shout!
An orc comes into view.
It is wielding a +3 hand axe of distortion.
The orc moves out of view.
An orc wizard comes into view. It is wielding a +0 dagger.
The orc shouts!
The orc wizard shouts!
You slash the orc!
You kill the orc!
The orc priest begins to cast a cantrip, but forgets the words!
The orc priest closely misses you.
Things that are here:
a +0 club; an orc corpse You hit the orc priest.
The orc priest is moderately wounded.
The orc priest mumbles some strange prayers to Beogh against you.
Beogh smites you!
You barely miss the orc priest.
The orc priest is moderately wounded.
The orc priest barely misses you.
You hit the orc priest.
The orc priest is heavily wounded.
The orc priest calls down the wrath of Beogh upon you.
Pain shoots through your body!
You barely miss the orc. You barely miss the orc. The orc barely misses you.
You hit the orc.
The orc is severely wounded.
The orc barely misses you.
The orc priest looks braver for a moment.
The orc hits you but does no damage. Space warps horribly around you!!
Ouch! That really hurt!
You die...

.# #.# #.∩.##.######.#.#.##.# #
.# #.###⌠.⌠##.# #.#.#.##.# .#
#..........######.#.#....###
.#########.............#.##.....#
.......#.....#.#######.#.##.....#
######.###.#.............##.....#
#.###.#..............'.†...+
#.....#..#############.....#
#######....@ooo.... #^....#
#...######### #.....# #...#
#.....# .....# ####### #.#....# #
........# # ##.#....# # .......#
# #


You could see an orc priest, an orc wizard and an orc.

Vanquished Creatures
  An adder (D:2)
  2 worms
  2 dart slugs (D:1)
  An orc (D:3)
  5 ball pythons
  3 endoplasms
  4 giant cockroaches
  6 hobgoblins
  3 jackals (D:1)
  3 kobolds
  A quokka (D:2)
  A bat (D:3)
  2 frilled lizards
  4 goblins
  5 rats
43 creatures vanquished.

Notes
Turn   | Place    | Note
-------+----------+-------------------------------------------
     0 | D:1      | horus123 the Human Gladiator began the quest for the Orb.
     0 | D:1      | Reached XP level 1. HP: 16/16 MP: 1/1
    95 | D:1      | Reached XP level 2. HP: 13/23 MP: 2/2
   403 | D:1      | Found a faded altar of an unknown god.
   679 | D:1      | Reached XP level 3. HP: 16/29 MP: 3/3
   911 | D:1      | Reached skill level 1 in Armour
  1886 | D:2      | Reached XP level 4. HP: 35/35 MP: 4/4
  2412 | D:3      | Found Ilacrucaq's Antique Armour Boutique.
  2420 | D:3      | Bought a cloak for 81 gold pieces
  2566 | D:3      | Found Ozxy's Book Shoppe.
  2743 | D:3      | Found Ludi's General Store.
  2876 | D:3      | Mangled by an orc

Illustrated notes

Levels and vault maps discovered:
D:1:      ncdulo_lavacross, layout_basic, ebering_ecumenical_altar_box
D:2:      layout_basic, serial_curves, eino_curves_01, eino_curves_04
D:3:      layout_basic, serial_shops, shop_fountains, shop, nicolae_shop_stone

Skill      XL: |  1  2  3 |
---------------+----------+-----
Fighting       | 3 |  3.0
Armour         | 1 |  1.1
Long Blades    | |  3.0
Throwing       | |  2.0
Dodging        | |  3.9

Action                   |  1- 3 |  4- 6 || total
-------------------------+-------+-------++-------
Melee: Long sword        |    83 |    31 ||   114
       Punch             |     1 |     1 ||     2
  Use: Scroll            |     1 |     3 ||     4
 Stab: Sleeping          |       |     1 ||     1
Armor: Leather armour    |    24 |     5 ||    29
Dodge: Dodged            |    51 |    15 ||    66

Table legend: (Time is in decaauts)
 A = Elapsed time spent in this place.
 B = Non-inter-level travel time spent in this place.
 C = Inter-level travel time spent in this place.
 D = Time resting spent in this place.
 E = Time spent auto-exploring this place.
 F = Levels seen in this place.
 G = Mean time per level.
                   A        B        C        D        E       F      G
               +--------+--------+--------+--------+--------+-----+--------+
         Total |   2902 |   2860 |     42 |    320 |   2122 |   3 |  967.3 |
       Dungeon |   2902 |   2860 |     42 |    320 |   2122 |   3 |  967.3 |
               +--------+--------+--------+--------+--------+-----+--------+

Top non-repeatable levels by time:
     D:1: 1369 daAuts
     D:2: 931 daAuts
     D:3: 601 daAuts
